 Dungeon Crawl Stone Soup version 0.31-a0-161-gb58dd9be76 (webtiles) character file.

Game seed: 886099919119050099

1262 senseless the Sneak (level 8, -1/61 HPs)
             Began as a Demonspawn Enchanter on June 12, 2023.
             Was an Initiate of Dithmenos.
             Slain by a gnoll
             ... wielding a +0 spear
             ... led by a gnoll sergeant
              (3 damage)
             ... on level 5 of the Dungeon.
             The game lasted 00:15:18 (6158 turns).

senseless the Sneak (Demonspawn Enchanter)          Turns: 6158, Time: 00:15:19

Health: -1/61      AC:  8    Str:  8    XL:     8   Next: 27%
Magic:  0/11       EV: 14    Int: 18    God:    Dithmenos [......]
Gold:   304        SH:  0    Dex: 15    Spells: 11/11 levels left

rFire   . . .        f - +2 dagger (vamp)
rCold   . . .        (no shield)
rNeg    . . .        t - +0 robe of the Breathing Gods {+Inv}
rPois   .            w - +1 hat {Stlth+}
rElec   .            (no cloak)
rCorr   .            p - +0 pair of gloves
SInv    .            (no boots)
Will    .....        n - amulet of guardian spirit
Stlth   ++++         h - +4 ring of slaying
HPRegen 0.30/turn    j - +4 ring of protection
MPRegen 0.24/turn

%: guardian spirit
@: no status effects
A: magic shield, magic regeneration, sturdy frame 1, condensation shield,
weakness stinger 2
a: Renounce Religion, Evoke Invisibility


You were on level 5 of the Dungeon.
You worshipped Dithmenos.
Dithmenos was noncommittal.
You visited 2 branches of the dungeon, and saw 6 of its levels.
You also visited: Sewer.

You collected 304 gold pieces.

Inventory:

Hand Weapons
 a - a +1 dagger of chaos
 f - a +2 vampiric dagger (weapon)
 l - a +1 dagger of pain
Missiles
 m - 2 throwing nets
Armour
 b - a +0 robe
 o - a +1 helmet
 p - a +0 pair of gloves (worn)
 t - the +0 robe of the Breathing Gods (worn) {+Inv}
   (You found it on level 3 of the Dungeon)

   +Inv:      It lets you turn invisible.
 u - a +0 leather armour
 w - a +1 hat of stealth (worn)
Jewellery
 h - a +4 ring of slaying (left hand)
 j - a +4 ring of protection (right hand)
 n - an amulet of guardian spirit (around neck)
 q - a ring of flight
 y - a ring of protection from fire
Scrolls
 e - 3 scrolls of teleportation
 r - a scroll of fear
Potions
 c - 2 potions of invisibility
 d - a potion of resistance
 g - 3 potions of might
 i - a potion of brilliance {unknown}
 k - a potion of cancellation
 s - a potion of attraction
 v - 2 potions of mutation {unknown}


   Skills:
 + Level 4.8 Fighting
 + Level 4.4 Short Blades
 + Level 4.8 Dodging
 + Level 5.6 Stealth
 - Level 2.0 Spellcasting
 - Level 3.0 Hexes


You had 11 spell levels left.
You didn't know any spells.
Your spell library contained the following spells:

 Spells                   Type           Power      Damage    Failure   Level
 Slow                     Hex            48%        N/A       5%          1
 Ensorcelled Hibernation  Hex/Ice        14%        N/A       14%         2
 Confusing Touch          Hex            12%        N/A       16%         3
 Tukima's Dance           Hex            12%        N/A       16%         3
 Magic Dart               Conj           4%         1d3       19%         1
 Searing Ray              Conj           2%         2d4       26%         2
 Dazzling Flash           Conj/Hex       14%        N/A       28%         3
 Cause Fear               Hex            6%         N/A       45%         4
 Fulminant Prism          Conj/Hex       3%         3d5       67%         4
 Conjure Ball Lightning   Conj/Air       0%         3x3d6     100%        6
 Chain Lightning          Conj/Air       0%         2d1       100%        9


Dungeon Overview and Level Annotations

Branches:
Dungeon (5/15)             Temple (1/1) D:4           Sewer (visited)

Altars:
Ashenzari
Cheibriados
Dithmenos
Fedhas
Gozag
Hepliaklqana
Kikubaaqudgha
Makhleb
Nemelex Xobeh
Okawaru
Qazlal
Ru
Sif Muna
Trog
Uskayaw
Vehumet
Wu Jian
Xom
Yredelemnul

Shops:
D:5 =


Innate Abilities, Weirdness & Mutations

When hurt, damage is shared between your health and your magic reserves.
You regenerate magic rapidly.
Your movements are slightly less encumbered by armour. (ER -2)
A meltable shield of frost defends you. (SH +0)
You have a tail ending in a sharp stinger.


Message History

You are too injured to fight recklessly!
You are too injured to fight recklessly!
You are too injured to fight recklessly!
You are too injured to fight recklessly!
You are too injured to fight recklessly!
You are too injured to fight recklessly!
You are too injured to fight recklessly!
You are too injured to fight recklessly!
The gnoll sergeant blocks your attack.
You tail-slap the gnoll sergeant, but do no damage.
The gnoll sergeant is almost dead.
The gnoll sergeant hits you from afar with a +2 spear of flaming!
The gnoll sergeant burns you.
Things that are here:
9 gold pieces; a hound corpse You see here a scroll of butterflies.
The gnoll sergeant hits you with a +2 spear of flaming!
* * * LOW HITPOINT WARNING * * *
The gnoll sergeant burns you.
* * * LOW HITPOINT WARNING * * *
You barely miss the gnoll sergeant.
The gnoll sergeant is almost dead.
The gnoll barely misses you.
The gnoll sergeant hits you with a +2 spear of flaming.
* * * LOW HITPOINT WARNING * * *
The gnoll sergeant burns you.
* * * LOW HITPOINT WARNING * * *
You hit the gnoll sergeant but do no damage.
The gnoll sergeant blocks your attack.
The gnoll sergeant is almost dead.
The gnoll hits you but does no damage.
The gnoll sergeant hits you with a +2 spear of flaming!
* * * LOW HITPOINT WARNING * * *
The gnoll sergeant burns you.
* * * LOW HITPOINT WARNING * * *
The gnoll sergeant blocks your attack.
Your tail-slap misses the gnoll sergeant.
The gnoll sergeant is almost dead.
The gnoll hits you from afar with a +0 spear.
You die...

..# #.# #
#.<####.# .#
#..##..## ##.#
#......#####..#
#.............#
#.......$....#
#...###$.....##
#..## #......?##
#.##
#.......@########
#.#
#...##...ggg.)..#
#.#
#........gg.$##..#
#.# ##..........##
..# #.#
########..## ..#
##.# ##.# ..#
##..# #.# .. #..##
#.# # ..## ..#


You could see a gnoll sergeant and 4 gnolls.

Vanquished Creatures
  A water moccasin (D:5)
  An ogre (D:4)
  3 kobold brigands (D:3)
  4 scorpions
  A hound (D:5)
  3 iguanas
  A sleepcap (D:4)
  2 orc wizards
  9 adders
  15 gnolls
  6 river rats
  A shadow imp (D:5)
  3 ufetubi
  A worm (D:3)
  2 dart slugs
  6 orcs
  13 endoplasms
  6 giant cockroaches
  11 goblins
  11 hobgoblins
  10 jackals
  40 kobolds
  4 quokkas
  15 ball pythons
  A bat (D:3)
  4 frilled lizards
  15 rats
189 creatures vanquished.

Notes
Turn   | Place    | Note
-------+----------+-------------------------------------------
     0 | D:1      | senseless the Demonspawn Enchanter began the quest for the
                  | Orb.
     0 | D:1      | Reached XP level 1. HP: 13/13 MP: 3/3
    33 | D:1      | Reached skill level 1 in Short Blades
   235 | D:1      | Gained mutation: You have a small tail. [demonic ancestry]
   235 | D:1      | Reached XP level 2. HP: 11/20 MP: 5/5
   427 | D:1      | Reached skill level 3 in Stealth
   514 | D:1      | Reached skill level 1 in Fighting
   857 | D:2      | Gained mutation: You have a tail ending in a sharp stinger.
                  | [demonic ancestry]
   857 | D:2      | Reached XP level 3. HP: 26/26 MP: 6/6
  1642 | D:2      | Gained mutation: A meltable shield of frost defends you.
                  | (SH +0) [demonic ancestry]
  1642 | D:2      | Reached XP level 4. HP: 33/33 MP: 7/7
  2074 | D:3      | Noticed a scorpion
  2091 | D:3      | Killed a scorpion
  2092 | D:3      | Gained mutation: You regenerate magic rapidly. [demonic
                  | ancestry]
  2092 | D:3      | Reached XP level 5. HP: 37/38 MP: 6/8
  2111 | D:3      | Found a hide-covered altar of Uskayaw.
  2216 | D:3      | Found a glowing drain.
  2254 | Sewer    | Entered a sewer
  2614 | Sewer    | Reached skill level 4 in Stealth
  3239 | D:3      | Identified the +0 robe of the Breathing Gods {+Inv}
  3410 | D:3      | Reached XP level 6. HP: 46/46 MP: 9/9
  3665 | D:3      | Gained mutation: Your movements are slightly less
                  | encumbered by armour. (ER -2) [demonic ancestry]
  3665 | D:3      | Reached XP level 7. HP: 36/52 MP: 6/10
  4336 | D:4      | Reached skill level 5 in Stealth
  4735 | D:4      | Got the Cyclopedia of Entrancing Breath
  4943 | D:4      | Found a staircase to the Ecumenical Temple.
  4957 | Temple   | Entered the Ecumenical Temple
  5499 | Temple   | Became a worshipper of Dithmenos the Shadowed
  5588 | D:4      | Identified a scroll of acquirement
  5588 | D:4      | Acquired a +1 hat of stealth
  5609 | D:5      | Entered Level 5 of the Dungeon
  5621 | D:5      | Found Ruppaikk's Jewellery Shop.
  5678 | D:5      | Gained mutation: When hurt, damage is shared between your
                  | health and your magic reserves. [demonic ancestry]
  5678 | D:5      | Reached XP level 8. HP: 24/61 MP: 4/11
  6157 | D:5      | HP: 2/61 [gnoll sergeant/+2 spear of flaming (6)]
  6158 | D:5      | Slain by a gnoll

Illustrated notes

Levels and vault maps discovered:
D:1:      eino_arrival_druids_welcome, layout_loops_ring,
          kennysheep_nondescript, minmay_misc_feat_more_columns
D:2:      wad_river_or_something, layout_loops_corners, grunt_decor_junction
D:3:      minmay_goblin_kobold_castle, layout_loops_ring, marbit_many_paths,
          portal_sewer_entry_a
D:4:      layout_rooms, minmay_temple_entry_statues_fountains,
          minmay_quadrilaterals
D:5:      layout_layer_cave, serial_shops, shop
Temple:   mainiacjoe_temple_starburst

Skill      XL: |  1  2  3  4  5  6  7 |
---------------+----------------------+-----
Short Blades   | 1 2 3 4 |  4.4
Dodging        | 2 3 4 |  4.8
Stealth        | 3 4 5 |  5.6
Fighting       | 1 2 3 4 |  4.8
Spellcasting   | |  2.0
Hexes          | |  3.0

Action                     |  1- 3 |  4- 6 |  7- 9 || total
---------------------------+-------+-------+-------++-------
  Melee: Dagger            |   110 |   259 |   249 ||   618
         Punch             |     3 |     2 |     3 ||     8
         Tailslap          |     4 |    30 |    43 ||    77
Ability: Evoke Invisibilit |       |       |     2 ||     2
    Use: Scroll            |       |    10 |     6 ||    16
         Potion            |       |       |     2 ||     2
   Stab: Sleeping          |    11 |     7 |    13 ||    31
 Armour: Robe              |    20 |    68 |    78 ||   166
  Dodge: Dodged            |    48 |   146 |   200 ||   394
  Block: Other             |       |    43 |    52 ||    95

Table legend: (Time is in decaauts)
 A = Elapsed time spent in this place.
 B = Non-inter-level travel time spent in this place.
 C = Inter-level travel time spent in this place.
 D = Time resting spent in this place.
 E = Time spent auto-exploring this place.
 F = Levels seen in this place.
 G = Mean time per level.
                   A        B        C        D        E       F      G
               +--------+--------+--------+--------+--------+-----+--------+
         Total |   6181 |   5825 |    356 |    140 |   4302 |   7 |  883.0 |
       Dungeon |   4697 |   4434 |    263 |    140 |   3162 |   5 |  939.4 |
        Temple |    595 |    502 |     93 |      0 |    494 |   1 |  595.0 |
         Sewer |    888 |    888 |      0 |      0 |    646 |   1 |  888.0 |
               +--------+--------+--------+--------+--------+-----+--------+

Top non-repeatable levels by time:
     D:3: 1545 daAuts
     D:2: 1162 daAuts
   Sewer: 888 daAuts
     D:1: 758 daAuts
     D:4: 698 daAuts
  Temple: 595 daAuts
     D:5: 532 daAuts
